 Dungeon Crawl Stone Soup version 0.32-a0-913-g739538afd8 (webtiles) character file.

Game seed: 6756092635147510600

1382 Adrian566 the Slasher (level 8, -5/60 HPs)
             Began as a Demonspawn Gladiator on Apr 8, 2024.
             Engulfed by a steam dragon's steam (14 damage)
             ... on level 5 of the Dungeon.
             The game lasted 00:05:48 (6473 turns).

Adrian566 the Slasher (Demonspawn Gladiator)        Turns: 6473, Time: 00:05:49

Health: -5/60      AC:  7    Str: 15    XL:     8   Next: 40%
Magic:  8/8        EV:  9    Int:  8    God:
Gold:   388        SH: 13    Dex: 17    Spells: 7/7 levels left

rFire   . . .        n - +2 falchion (flame)
rCold   . . .        g - +0 tower shield
rNeg    . . .        b - +0 leather armour
rPois   +            (helmet restricted)
rElec   .            v - +0 cloak
rCorr   .            (no gloves)
SInv    .            (no boots)
Will    .....        (no amulet)
Stlth   ++           f - ring of poison resistance
HPRegen 0.30/turn    h - ring of flight
MPRegen 0.11/turn

%: no passive effects
@: flying
A: horns 1, molten scales 2, spiny 2
a: no special abilities


You were on level 5 of the Dungeon.
You visited 1 branch of the dungeon, and saw 6 of its levels.

You collected 388 gold pieces.

Inventory:

Hand Weapons
 a - a +0 long sword
 n - a +2 falchion of flaming (weapon)
Missiles
 d - 3 throwing nets (quivered)
 e - a javelin
Armour
 b - a +0 leather armour (worn)
 g - a +0 tower shield (worn)
 v - a +0 cloak (worn)
Jewellery
 c - a +6 ring of intelligence
 f - a ring of poison resistance (left hand)
 h - a ring of flight (right hand)
 p - a ring of ice
Wands
 o - a wand of mindburst (13)
Scrolls
 j - 2 scrolls of immolation
 m - 2 scrolls of teleportation
 q - a scroll of vulnerability
 r - a scroll of revelation {unknown}
 s - a scroll of blinking {unknown}
 t - a scroll of identify
 u - 3 scrolls of fog {unknown}
 w - a scroll of noise {unknown}
 y - a scroll of poison {unknown}
Potions
 k - a potion of curing
 l - a potion of brilliance


   Skills:
 + Level 3.7 Fighting
 + Level 6.0 Long Blades
 + Level 1.8 Throwing
 + Level 3.7 Armour
 + Level 4.6 Dodging
 + Level 2.5 Stealth
 + Level 3.3 Shields


You had 7 spell levels left.
You didn't know any spells.
Your spell library contained the following spells:

 Spells                   Type           Power      Damage    Failure   Level
 Slow                     Hex            0%         N/A       100%        1
 Cigotuvi's Dreadful Rot  Necr/Alch/Air  0%         N/A       100%        2
 Ensorcelled Hibernation  Hex/Ice        0%         N/A       100%        2
 Confusing Touch          Hex            0%         N/A       100%        3
 Fugue of the Fallen      Necr           0%         N/A       100%        3
 Passwall                 Erth           0%         N/A       100%        3
 Swiftness                Air            0%         N/A       100%        3
 Vampiric Draining        Necr           0%         2d6       100%        3
 Anguish                  Hex/Necr       0%         N/A       100%        4
 Ignite Poison            Fire/Alch      0%         N/A       100%        4
 Freezing Cloud           Conj/Ice/Air   0%         6-21      100%        5


Dungeon Overview and Level Annotations

Branches:
Dungeon (6/15)
 Temple: D:4-7

Altars:
Cheibriados
Fedhas
Wu Jian

Shops:
D:4 ?((**

Annotations:
D:3 Pikel


Innate Abilities, Weirdness & Mutations

You have a pair of small horns on your head.
You are mostly covered in molten scales. (AC +3)
You are mostly covered in sharp spines.


Message History

Your headbutt misses the steam dragon. The orc hits you with a +0 flail.
The steam dragon is struck by your spines.
The steam dragon closely misses you. You block the steam dragon's attack. x3
You block the orc's attack.
You hit the steam dragon but do no damage.
Your headbutt misses the steam dragon.
The steam dragon is moderately wounded.
The steam dragon breathes steam at you. The ball of steam misses you.
The orc hits you with a +0 flail.
You hit the steam dragon. You burn the steam dragon.
The steam dragon is moderately wounded.
You are engulfed in a cloud of scalding steam.
The orc hits you but does no damage. You block the steam dragon's attack.
The steam dragon claws you.
You hit the steam dragon. You burn the steam dragon.
The steam dragon is heavily wounded.
You are engulfed in a cloud of scalding steam.
You block the orc's attack. You block the steam dragon's attack. x3
The steam dragon claws you. The orc hits you with a +0 flail!
You hit the steam dragon but do no damage.
The steam dragon is heavily wounded.
You are engulfed in a cloud of scalding steam.
You block the steam dragon's attack. x2; The orc barely misses you.
You slash the steam dragon! You burn the steam dragon.
The steam dragon is severely wounded.
The orc is engulfed in a cloud of scalding steam.
You block the orc's attack. The steam dragon breathes steam at you.
The ball of steam misses you. You block the steam dragon's attack. x2
The orc is engulfed in a cloud of scalding steam.
The orc dies!
The steam dragon breathes steam at you. The ball of steam hits you!
* * * LOW HITPOINT WARNING * * *
Things that are here:
a +0 flail; a +0 leather armour You barely miss the steam dragon.
You headbutt the steam dragon.
The steam dragon is almost dead.
You are engulfed in a cloud of scalding steam.
You die...

#.#######...###.####.#)#.###...
#.#######...# #.# #.#.#.......
#[#.....'...# #.# #.#.########
#.#.#####.[.# #.####.#.....####
#.#.....+...# #.##.............
#.#<....#...# #[...#.#####.####
#.###.###...###[####.# #.# #
#.............D># #.# #.# #
#####.........@.# #.# #.####
###########.# #.# #..... #.#
#.# #..... #.# #.#####.....
#.####.....'.....
#.......####.....
#.......####.....
#.........##.....
#.#####...#######


You could see a steam dragon (catching breath).

Vanquished Creatures
  Sigmund (D:3)
  Eustachio (D:4)
  A water moccasin (D:5)
  2 black bears (D:5)
  An ogre (D:5)
  4 lemures
  A scorpion (D:5)
  A bombardier beetle (D:5)
  3 hounds (D:5)
  Crazy Yiuf (D:4)
  4 jellies
  Ijyb (D:4)
  2 iguanas
  3 orc wizards
  Natasha (D:4)
  9 adders
  3 gnolls (D:3)
  A white imp (D:5)
  3 dart slugs
  A ribbon worm (D:3)
  16 orcs
  4 bats
  3 endoplasms
  4 giant cockroaches
  4 goblins
  5 hobgoblins
  3 quokkas
  4 ball pythons
  5 frilled lizards
  3 kobolds (D:2)
  20 rats
115 creatures vanquished.

Vanquished Creatures (others)
  An orc (D:5)
1 creature vanquished.

Grand Total: 116 creatures vanquished

Notes
Turn   | Place    | Note
-------+----------+-------------------------------------------
     0 | D:1      | Adrian566 the Demonspawn Gladiator began the quest for the
                  | Orb.
     0 | D:1      | Reached XP level 1. HP: 16/16 MP: 1/1
   279 | D:1      | Gained mutation: You are partially covered in sharp spines.
                  | [demonic ancestry]
   279 | D:1      | Reached XP level 2. HP: 9/22 MP: 2/2
   381 | D:1      | Reached skill level 3 in Long Blades
   953 | D:2      | Gained mutation: You are mostly covered in sharp spines.
                  | [demonic ancestry]
   953 | D:2      | Reached XP level 3. HP: 28/28 MP: 3/3
  1127 | D:2      | Reached XP level 4. HP: 24/34 MP: 4/4
  1242 | D:2      | Reached skill level 1 in Armour
  2186 | D:3      | Reached skill level 4 in Long Blades
  2434 | D:3      | Noticed Sigmund
  2738 | D:3      | Killed Sigmund
  2739 | D:3      | Gained mutation: You have a pair of small horns on your
                  | head. [demonic ancestry]
  2739 | D:3      | Reached XP level 5. HP: 39/39 MP: 5/5
  2739 | D:3      | Gained mutation: You are partially covered in molten
                  | scales. (AC +2) [demonic ancestry]
  2739 | D:3      | Reached XP level 6. HP: 46/46 MP: 6/6
  2989 | D:4      | Noticed Pikel
  3472 | D:4      | Found Cibiph's General Store.
  3604 | D:4      | Reached skill level 1 in Stealth
  3623 | D:4      | Identified the +2 robe of Cynicism {+Inv rN+}
  3676 | D:4      | Found a snail-covered altar of Cheibriados.
  3696 | D:4      | You are sucked into a shaft and drop 1 floor!
  3696 | D:5      | Entered Level 5 of the Dungeon
  3739 | D:5      | Reached skill level 5 in Long Blades
  3973 | D:4      | Found Kiqya's Weapon Shop.
  4054 | D:4      | Found a blossoming altar of Fedhas.
  4145 | D:4      | Found Ceengiz's General Store.
  4294 | D:4      | Found a runed translucent door.
  4295 | D:4      | Noticed Crazy Yiuf
  4378 | D:4      | Noticed Eustachio
  4729 | D:4      | Reached XP level 7. HP: 41/52 MP: 7/7
  4808 | D:4      | Killed Eustachio
  4809 | D:4      | Reached skill level 1 in Shields
  4839 | D:4      | Found Xecrigg's Weapon Boutique.
  4854 | D:4      | Noticed Ijyb
  4860 | D:4      | Killed Ijyb
  5004 | D:4      | Noticed Natasha
  5014 | D:4      | Killed Natasha
  5227 | D:4      | Found Ziz Veenloi's Magic Scroll Boutique.
  5315 | D:4      | Killed Crazy Yiuf
  5627 | D:5      | Found an ornate altar of the Wu Jian Council.
  5656 | D:5      | Gained mutation: You are mostly covered in molten scales.
                  | (AC +3) [demonic ancestry]
  5656 | D:5      | Reached XP level 8. HP: 42/58 MP: 8/8
  6459 | D:5      | Reached skill level 6 in Long Blades
  6473 | D:5      | Engulfed by a steam dragon's steam

Illustrated notes

Levels and vault maps discovered:
D:1:      heliophobic_arrival_dark_side_of_the_moon, layout_basic
D:2:      layout_loops_cross, serial_rivers, chequers_serial_rivers_room_b,
          chequers_serial_rivers_micro_e, chequers_serial_rivers_small_b,
          chequers_serial_rivers_small_b, chequers_serial_rivers_micro_b,
          chequers_serial_rivers_marsh
D:3:      layout_basic, minmay_misc_feat_doors, moated_statue, uniq_sigmund
D:4:      dreamdust_elfheim, layout_loops_ring, kennysheep_mini, fedhas_altar_2,
          serial_shops, nicolae_shop_waterfront, nicolae_lakefront_shop,
          nicolae_shop_bloodbath_and_beyond, nicolae_shop_peninsula, shop,
          minmay_rat_hole, uniq_eustachio, uniq_natasha, uniq_ijyb, uniq_pikel,
          uniq_crazy_yiuf_cottage
D:5:      layout_basic, mainiacjoe_overflow_brackets
D:6:      layout_rooms, serial_shops, nicolae_shop_tiny_real_fake_doors,
          uniq_grinder

Skill      XL: |  1  2  3  4  5  6  7  8 |
---------------+-------------------------+-----
Long Blades    | 3 4 5 6 |  6.0
Dodging        | 3 4 |  4.6
Armour         | 2 3 |  3.7
Stealth        | 1 2 |  2.5
Fighting       | 3 |  3.7
Shields        | 2 3 |  3.3
Throwing       | |  1.8

Action                     |  1- 3 |  4- 6 |  7- 9 || total
---------------------------+-------+-------+-------++-------
  Melee: Long sword        |    59 |    10 |       ||    69
         Falchion          |       |   106 |    79 ||   185
         Headbutt          |       |    14 |    17 ||    31
    Use: Scroll            |       |     8 |     2 ||    10
         Potion            |       |     2 |     3 ||     5
   Stab: Sleeping          |     1 |     2 |     2 ||     5
         Invisible         |       |       |     2 ||     2
 Armour: Leather armour    |    41 |    92 |    77 ||   210
         Skin              |       |       |    27 ||    27
  Dodge: Dodged            |    43 |    48 |    29 ||   120
  Block: Tower shield      |       |    47 |    91 ||   138

Table legend: (Time is in decaauts)
 A = Elapsed time spent in this place.
 B = Non-inter-level travel time spent in this place.
 C = Inter-level travel time spent in this place.
 D = Time resting spent in this place.
 E = Time spent auto-exploring this place.
 F = Levels seen in this place.
 G = Mean time per level.
                   A        B        C        D        E       F      G
               +--------+--------+--------+--------+--------+-----+--------+
         Total |   6573 |   6406 |    167 |   1568 |   3993 |   6 | 1095.5 |
       Dungeon |   6573 |   6406 |    167 |   1568 |   3993 |   6 | 1095.5 |
               +--------+--------+--------+--------+--------+-----+--------+

Top non-repeatable levels by time:
     D:3: 1745 daAuts
     D:4: 1684 daAuts
     D:5: 1365 daAuts
     D:1: 951 daAuts
     D:2: 798 daAuts
     D:6: 28 daAuts
